 Dungeon Crawl Stone Soup version 0.19-a0-681-gd4922e2 (webtiles) character file.

1118 AlphabetPasta the Caller (level 8, 0/48 HPs)
             Began as an Octopode Summoner on June 16, 2016.
             Succumbed to a worker ant's poison
             ... on level 6 of the Dungeon.
             The game lasted 00:34:16 (6496 turns).

AlphabetPasta the Caller (Octopode Summoner)        Turns: 6496, Time: 00:34:17

Health: 0/48       AC:  1    Str:  8    XL:     8   Next: 34%
Magic:  6/15       EV: 13    Int: 19    God:
Gold:   293        SH:  5    Dex: 12    Spells: 4 memorised, 7 levels left

rFire  . . .     SeeInvis .     o - +0 trident
rCold  . . .     Gourm    .     m - +1 buckler
rNeg   . . .     Faith    .     (helmet restricted)
rPois  .         Spirit   .     (no amulet)
rElec  .         Dismiss  .     (no ring)
rCorr  .         Reflect  .     (no ring)
SustAt .         Harm     .     (no ring)
MR     .....                    (no ring)
Stlth  +++.......               (no ring)
                                (no ring)
                                (no ring)
                                (no ring)

@: lethally poisoned (0 -> -2), not resistant to hostile enchantments, fairly
stealthy
A: almost no armour, amphibious, 8 rings, constrict 8, camouflage 1, gelatinous
body 1
a: no special abilities


You were on level 6 of the Dungeon.
You were not hungry.

You visited 1 branch of the dungeon, and saw 6 of its levels.

You collected 293 gold pieces.

Inventory:

Hand Weapons
 g - a +1 dagger
 o - a +0 trident (weapon)
Missiles
 e - 5 javelins (quivered)
Armour
 m - a +1 buckler (worn)
Scrolls
 d - a scroll of enchant armour
 h - a scroll of magic mapping
 n - 3 scrolls of identify
 p - a scroll of enchant weapon
Potions
 i - 3 potions of magic
 j - a potion of brilliance
 l - a potion of flight
Books
 a - a book of Callings

   Spells                             Type                      Level
   a - Summon Small Mammal            Summoning                    1
   b - Call Imp                       Summoning                    2
   c - Call Canine Familiar           Summoning                    3
   d - Summon Guardian Golem          Hexes/Summoning              3
   e - Summon Lightning Spire         Summoning/Air                4
   f - Summon Ice Beast               Ice/Summoning                4
Comestibles
 b - 5 bread rations
 f - 4 fruits
 k - a meat ration
 q - a slice of pizza


   Skills:
 - Level 1.1 Fighting
 - Level 2.0 Short Blades
 + Level 1.5 Polearms
 + Level 4.3 Dodging
 - Level 2.6 Stealth
 + Level 2.9 Shields
 * Level 5.3 Spellcasting
 * Level 6.4 Summonings


You had 7 spell levels left.
You knew the following spells:

 Your Spells              Type           Power        Failure   Level  Hunger
a - Summon Small Mammal   Summ           ####         1%          1    None
b - Call Imp              Summ           ####....     1%          2    None
c - Call Canine Familiar  Summ           ####....     3%          3    ##.....
d - Summon Ice Beast      Ice/Summ       ###.....     38%         4    ####...


Dungeon Overview and Level Annotations

Branches:
Dungeon (6/15)
 Temple: D:4-7

Altars:
Elyvilon
Fedhas
Gozag
Hepliaklqana
Kikubaaqudgha
Pakellas
Ru


Innate Abilities, Weirdness & Mutations

You cannot wear most types of armour.
You are amphibious.
You can wear up to eight rings at the same time.
You can use your tentacles to constrict eight enemies at once.
Your skin changes colour to match your surroundings (Stealth+).
Your rubbery body absorbs attacks. (AC +1)


Message History

A beastly little devil appears in a puff of flame.
Your hound barely misses the worker ant.
* * * LOW HITPOINT WARNING * * *
You feel sick.
Your crimson imp blinks!
The worker ant bites you but does no damage.
Your crimson imp barely misses the worker ant.
* * * LOW HITPOINT WARNING * * *
You feel sick.
Your crimson imp blinks!
* * * LOW HITPOINT WARNING * * *
You feel sick. The worker ant closely misses you.
Your crimson imp hits the worker ant but does no damage.
Okay, then.
Okay, then.
Evoke which item? (* to show all) (? for menu, Esc to quit)
Okay, then.
Your hound closely misses the worker ant.
Your magical contamination has completely faded away.
You die...

.. ..# # .. #.##># #.#. #.##.#
##.#.##..#.# .....#..#.#
#.#..#..#.# ##
##.#..#..#.#####.###..
###########.....@.a5......#.....
#............#..#..h.......#
.......#####.#.......####.##
#.####.# #.##.##.### #.# #.# #.#
#.##.##......#.# #.# #.#
#.##.#######.#.# #.## #.# #.##.#
#.# ...###.### #.##.# #........#
.........# #.##.# ###.######


You could see a worker ant, a friendly hound and a friendly crimson imp.

Vanquished Creatures
  An ice beast (D:5)
  An ogre (D:4)
  A crimson imp (D:2)
  A centaur zombie (D:5)
  A giant frog skeleton (D:4)
  3 orc priests
  2 orc wizards
  A worker ant (D:4)
  5 adders
  An ooze (D:1)
  A worm (D:2)
  4 dart slugs
  3 giant geckos
  5 orcs
  3 giant cockroaches
  5 goblins
  6 hobgoblins
  7 jackals
  4 kobolds
  2 ball pythons (D:3)
  10 bats
  2 giant newts
  6 rats
75 creatures vanquished.

Vanquished Creatures (collateral kills)
  Prince Ribbit (D:5)
  Edmund (D:4)
  A water moccasin (D:5)
  3 ogres
  Blork the orc (D:5)
  A hound (D:5)
  4 orc priests
  An orc wizard (D:5)
  2 worker ants
  An adder skeleton (D:6)
  A worm (D:5)
  A dart slug (D:2)
  A giant gecko (D:5)
  17 orcs
  3 bats
  2 giant cockroaches (D:5)
  A hobgoblin (D:1)
  2 jackals
  A giant gecko skeleton (D:5)
  A kobold (D:3)
46 creatures vanquished.

Grand Total: 121 creatures vanquished

Notes
Turn   | Place    | Note
--------------------------------------------------------------
     0 | D:1      | AlphabetPasta the Octopode Summoner began the quest for the Orb.
     0 | D:1      | Reached XP level 1. HP: 11/11 MP: 3/3
    21 | D:1      | Reached XP level 2. HP: 7/17 MP: 0/5
  1001 | D:1      | Learned a level 2 spell: Call Imp
  1174 | D:1      | Reached XP level 3. HP: 19/21 MP: 5/7
  1312 | D:1      | Learned a level 3 spell: Call Canine Familiar
  1375 | D:2      | Found an opulent altar of Gozag.
  1862 | D:2      | Reached XP level 4. HP: 27/27 MP: 5/8
  2089 | D:2      | Found a blossoming altar of Fedhas.
  2555 | D:3      | Reached skill level 1 in Short Blades
  2555 | D:3      | Reached XP level 5. HP: 19/31 MP: 0/10
  2875 | D:3      | Noticed an ogre
  2885 | D:3      | Killed an ogre
  2891 | D:3      | Learned a level 4 spell: Summon Ice Beast
  3266 | D:3      | Reached skill level 5 in Summonings
  3280 | D:3      | Reached XP level 6. HP: 19/36 MP: 5/11
  3481 | D:3      | Reached skill level 1 in Shields
  4069 | D:4      | Found an oddly glowing altar of Pakellas.
  4167 | D:4      | Found a white marble altar of Elyvilon.
  4249 | D:4      | Found an ancient bone altar of Kikubaaqudgha.
  4352 | D:4      | Noticed Edmund
  4364 | D:4      | Killed Edmund
  4456 | D:4      | Reached XP level 7. HP: 26/41 MP: 13/13
  4998 | D:4      | Upgraded the game from 0.19-a0-680-gdf79c29 to 0.19-a0-681-gd4922e2
  4999 | D:5      | Entered Level 5 of the Dungeon
  5012 | D:5      | Noticed Blork the orc
  5016 | D:5      | Noticed Prince Ribbit
  5020 | D:5      | Killed Blork the orc
  5025 | D:5      | Killed Prince Ribbit
  5025 | D:5      | Reached skill level 1 in Fighting
  5202 | D:5      | Found a hazy altar of Hepliaklqana.
  5207 | D:5      | Found a sacrificial altar of Ru.
  5303 | D:5      | Reached skill level 6 in Summonings
  5572 | D:5      | Reached skill level 5 in Spellcasting
  5572 | D:5      | Reached XP level 8. HP: 20/48 MP: 13/15
  5765 | D:5      | Reached skill level 1 in Polearms
  6488 | D:6      | HP: 2/48 [poisoned by a worker ant]
  6493 | D:6      | HP: 1/48 [poisoned by a worker ant]
  6496 | D:6      | Succumbed to a worker ant's poison

Vault maps used:
D:1:      minmay_arrival_shoal_huts
D:2:      grunt_gozag_statues, fedhas_altar_fruit_tree
D:3:      grunt_ministairs_8
D:4:      kennysheep_little_box, lemuel_coloured_pillars_altar, serial_park,
          serial_park_avenue1, serial_park_tiny_1, serial_park_square2,
          first_bread, minmay_item_behind_shaft, elyvilon_altar_4, uniq_edmund
D:5:      minitemple, uniq_prince_ribbit1, uniq_blork_the_orc
D:6:      minmay_temple_entry_glass, serial_shops, shop, kb_xom_exploding_sheep,
          uniq_crazy_yiuf_cottage

Skill      XL: |  1  2  3  4  5  6  7  8 |
---------------+-------------------------+-----
Spellcasting   | 3 4 5 |  5.3
Short Blades   | 1 2 |  2.0
Dodging        | 3 4 |  4.3
Summonings     | 5 6 |  6.4
Shields        | 1 2 |  2.9
Fighting       | 1 |  1.1
Polearms       | 1 |  1.5
Stealth        | |  2.6

Action                   |  1- 3 |  4- 6 |  7- 9 || total
-------------------------+-------+-------+-------++-------
Melee: Unarmed           |    48 |       |       ||    48
       Tentacles         |    11 |    21 |    13 ||    45
       Constrict         |    20 |    25 |    14 ||    59
       Dagger            |    27 |   100 |    16 ||   143
       Trident           |       |       |    63 ||    63
 Cast: Summon Small Mamm |    13 |       |       ||    13
       Call Imp          |     2 |    12 |    10 ||    24
       Call Canine Famil |       |    10 |    10 ||    20
  Use: Potion            |       |     3 |     1 ||     4
       Scroll            |       |     8 |     2 ||    10
 Stab: Sleeping          |    12 |    10 |     3 ||    25
       Distracted        |       |     3 |       ||     3
  Eat: Chunk             |     3 |     4 |     5 ||    12
       Fruit             |       |     7 |     2 ||     9
Armor: Skin              |     5 |     4 |     1 ||    10
Dodge: Dodged            |    34 |    50 |    26 ||   110
Block: Buckler           |       |    11 |    13 ||    24
